| TOP OF THE 1ST |
|
Gwinnett Braves batting - Pitching for Lehigh Valley IronPigs : RHP Brian Thomas
|
|
Pitching: RHP Brian Thomas
|
|
|
Batting: RHB Neal Tinoco
|
0-0: Ball 1-0: Called Strike 1-1: Ball 2-1: Foul Ball, location: 2F 2-2: Ball 3-2: Fly out, F7 (Flyball, 7S, EV 91.2 MPH)
|
|
Batting: RHB Chris Sharpe
|
0-0: SINGLE (Line Drive, 4MD, EV 95.0 MPH)
|
|
Batting: RHB Luis Revilla
|
0-0: Called Strike 0-1: Ball 1-1: Called Strike 1-2: Foul Ball, location: 2F 1-2: Foul Ball, location: 2F 1-2: Foul Ball, location: 2F 1-2: Foul Ball, location: 2F 1-2: Foul Ball, location: 2F 1-2: Ball 2-2: Foul Ball, location: 2F 2-2: Hit by Pitch Chris Sharpe to second
|
|
Batting: RHB Jake Lang
|
0-0: Called Strike 0-1: Ball 1-1: Ball 2-1: Foul Ball, location: 2F 2-2: Ball 3-2: Foul Ball, location: 2F 3-2: SINGLE (Groundball, 6MD, EV 95.0 MPH) Chris Sharpe to third Luis Revilla to second Runner from 3rd tries for Home, SAFE, throw by CF to home
|
|
Batting: RHB Corey Dalton
|
0-0: Ball 1-0: Ball 2-0: Grounds into double play, 5-4-3 (Groundball, 56, EV 100.6 MPH)
|
| Top of the 1st over - 1 run, 2 hits, 0 errors, 1 left on base; Gwinnett 1 - Lehigh Valley 0 |
| BOTTOM OF THE 1ST |
|
Lehigh Valley IronPigs batting - Pitching for Gwinnett Braves : RHP Frank Schulman
|
|
Pitching: RHP Frank Schulman
|
|
|
Batting: RHB Raul de la Cruz
|
0-0: Foul Ball, location: 2F 0-1: Ball 1-1: Ball 2-1: Reached on error, E9 (Flyball, 89S, EV 91.9 MPH)
|
|
Batting: RHB Alberto Ramirez
|
0-0: Called Strike 0-1: Ball 1-1: Ball 2-1: SINGLE (Flyball, 8RS, EV 87.5 MPH) Raul de la Cruz to second Runner from 2nd tries for 3rd, SAFE, throw by CF made to third
|
|
Batting: RHB Chris Pounds
|
0-0: Ball 1-0: Foul Ball, location: 2F 1-1: Ball 2-1: Swinging Strike 2-2: Foul Ball, location: 2F 2-2: Foul Ball, location: 2F 2-2: Ball Alberto Ramirez is caught stealing 2nd base 2-4 3-2: Base on Balls
|
|
Batting: LHB Danny Hill
|
0-0: Swinging Strike 0-1: Ball 1-1: Ball 2-1: Ball 3-1: Foul Ball, location: 2F 3-2: Strikes out swinging
|
|
Batting: RHB Moritake Fukumoto
|
0-0: Ball 1-0: Fly out, F7 (Flyball, 78D, EV 93.8 MPH)
|
| Bottom of the 1st over - 0 runs, 1 hit, 1 error, 2 left on base; Gwinnett 1 - Lehigh Valley 0 |
| TOP OF THE 2ND |
|
Gwinnett Braves batting - Pitching for Lehigh Valley IronPigs : RHP Brian Thomas
|
|
Batting: LHB Mark Buchholz
|
0-0: Ball 1-0: Foul Ball, location: 2F 1-1: Foul Ball, location: 2F 1-2: Ball 2-2: Ball 3-2: Strikes out swinging
|
|
Batting: RHB Jesse Lester
|
0-0: Ball 1-0: Called Strike 1-1: Fly out, F9 (Line Drive, 89S, EV 86.9 MPH)
|
|
Batting: RHB Johnny Burroughs
|
0-0: Called Strike 0-1: Ball 1-1: Ball 2-1: SOLO HOME RUN (Flyball, 9D, EV 96.2 MPH), Distance : 378 ft
|
|
Batting: SHB Tim Rodgers
|
0-0: Swinging Strike 0-1: SINGLE (Groundball, 4MD, EV 103.1 MPH)
|
|
Batting: RHB Neal Tinoco
|
0-0: Called Strike 0-1: Ball 1-1: Called Strike Tim Rodgers steals 2nd base 1-2: Strikes out swinging
|
| Top of the 2nd over - 1 run, 2 hits, 0 errors, 1 left on base; Gwinnett 2 - Lehigh Valley 0 |
| BOTTOM OF THE 2ND |
|
Lehigh Valley IronPigs batting - Pitching for Gwinnett Braves : RHP Frank Schulman
|
|
Batting: RHB Kyle Reilly
|
0-0: Ball 1-0: Ball 2-0: Ball 3-0: Called Strike 3-1: Called Strike 3-2: Foul Ball, location: 2F 3-2: SINGLE (Line Drive, 3D, EV 96.2 MPH)
|
|
Batting: SHB Benjamin Brown
|
0-0: Called Strike 0-1: Ball 1-1: Ball 2-1: SINGLE (Groundball, 34D, EV 100.0 MPH) Kyle Reilly to second Runner from 2nd tries for 3rd, SAFE, throw by RF made to third
|
|
Batting: RHB Luis Arce
|
0-0: Ball 1-0: Ball 2-0: Foul Ball, location: 2F 2-1: Called Strike 2-2: Fly out, F7 (Flyball, 7, EV 98.8 MPH)
|
|
Batting: RHB Jake Cox
|
0-0: Ball 1-0: Called Strike 1-1: Swinging Strike 1-2: Foul Ball, location: 2F 1-2: SINGLE (Groundball, 56, EV 110.0 MPH) Kyle Reilly scores Benjamin Brown to second
|
|
Batting: RHB Raul de la Cruz
|
0-0: Ball 1-0: Ball 2-0: Swinging Strike 2-1: Swinging Strike 2-2: DOUBLE (Line Drive, 7LM, EV 106.2 MPH) Benjamin Brown scores Jake Cox to third
|
|
Batting: RHB Alberto Ramirez
|
0-0: Called Strike 0-1: Foul Ball, location: 2F 0-2: Ball 1-2: Ball 2-2: Ball 3-2: Foul Ball, location: 2F 3-2: Fly out, F6 (Popup, 5D, EV 53.8 MPH)
|
|
Batting: RHB Chris Pounds
|
0-0: Called Strike 0-1: Ground out 6-3 (Groundball, 6, EV 84.4 MPH)
|
| Bottom of the 2nd over - 2 runs, 4 hits, 0 errors, 2 left on base; Gwinnett 2 - Lehigh Valley 2 |
| TOP OF THE 3RD |
|
Gwinnett Braves batting - Pitching for Lehigh Valley IronPigs : RHP Brian Thomas
|
|
Batting: RHB Chris Sharpe
|
0-0: Foul Ball, location: 2F 0-1: Ball 1-1: Ball 2-1: Swinging Strike 2-2: Strikes out swinging
|
|
Batting: RHB Luis Revilla
|
0-0: Foul Ball, location: 2F 0-1: Swinging Strike 0-2: Ground out 6-3 (Groundball, 6, EV 85.0 MPH)
|
|
Batting: RHB Jake Lang
|
0-0: Called Strike 0-1: Foul Ball, location: 2F 0-2: Fly out, F7 (Line Drive, 7, EV 93.1 MPH)
|
| Top of the 3rd over - 0 runs, 0 hits, 0 errors, 0 left on base; Gwinnett 2 - Lehigh Valley 2 |
| BOTTOM OF THE 3RD |
|
Lehigh Valley IronPigs batting - Pitching for Gwinnett Braves : RHP Frank Schulman
|
|
Batting: LHB Danny Hill
|
0-0: Ball 1-0: Ball 2-0: SOLO HOME RUN (Line Drive, 9LD, EV 94.4 MPH), Distance : 348 ft
|
|
Batting: RHB Moritake Fukumoto
|
0-0: SINGLE (Groundball, 6MD, EV 94.4 MPH)
|
|
Batting: RHB Kyle Reilly
|
0-0: Reached on error, E5 (Groundball, 56, EV 87.5 MPH) Moritake Fukumoto to second
|
|
Batting: SHB Benjamin Brown
|
0-0: Ball 1-0: Swinging Strike 1-1: Ball 2-1: Foul Ball, location: 2F 2-2: Grounds into double play, 6-4-3 (Groundball, 6S, EV 86.2 MPH) Moritake Fukumoto to third
|
|
Batting: RHB Luis Arce
|
0-0: Called Strike 0-1: Ball 1-1: Ground out 6-3 (Groundball, 6, EV 103.8 MPH)
|
| Bottom of the 3rd over - 1 run, 2 hits, 1 error, 1 left on base; Gwinnett 2 - Lehigh Valley 3 |
| TOP OF THE 4TH |
|
Gwinnett Braves batting - Pitching for Lehigh Valley IronPigs : RHP Brian Thomas
|
|
Batting: RHB Corey Dalton
|
0-0: Called Strike 0-1: DOUBLE (Line Drive, 9LS, EV 106.9 MPH)
|
|
Batting: LHB Mark Buchholz
|
0-0: Hit by Pitch
|
|
Batting: RHB Jesse Lester
|
0-0: Swinging Strike 0-1: Ball 1-1: Called Strike 1-2: Fielders Choice at 2nd, 5-4 (Groundball, 56S, EV 83.8 MPH) Corey Dalton to third
|
|
Batting: RHB Johnny Burroughs
|
0-0: Ball 1-0: Ball Jesse Lester is caught stealing 2nd base 2-4 2-0: Ball 3-0: Base on Balls
|
|
Batting: SHB Tim Rodgers
|
0-0: Called Strike 0-1: Ball 1-1: Foul Ball, location: 2F 1-2: Strikes out swinging
|
| Top of the 4th over - 0 runs, 1 hit, 0 errors, 2 left on base; Gwinnett 2 - Lehigh Valley 3 |
| BOTTOM OF THE 4TH |
|
Lehigh Valley IronPigs batting - Pitching for Gwinnett Braves : RHP Frank Schulman
|
|
Batting: RHB Jake Cox
|
0-0: Ball 1-0: Called Strike 1-1: Swinging Strike 1-2: Ball 2-2: Ball 3-2: Foul Ball, location: 2F 3-2: Base on Balls
|
|
Batting: RHB Raul de la Cruz
|
0-0: Ball 1-0: Ball 2-0: Ball 3-0: Called Strike 3-1: Swinging Strike 3-2: Base on Balls Jake Cox to second
|
|
Batting: RHB Alberto Ramirez
|
0-0: Fielders Choice at 2nd, 4-6 (Groundball, 4, EV 88.8 MPH) Jake Cox to third
|
|
Pitching: RHP Chris Thompson
|
|
|
Batting: RHB Chris Pounds
|
0-0: Ball 1-0: Called Strike 1-1: Foul Ball, location: 2F 1-2: Foul Ball, location: 2F 1-2: Ball 2-2: Foul Ball, location: 2F 2-2: Ball 3-2: SINGLE (Groundball, 34D, EV 100.6 MPH) Jake Cox scores Alberto Ramirez to second Runner from 2nd tries for 3rd, SAFE, throw by RF made to third
|
|
Batting: LHB Danny Hill
|
0-0: Ball 1-0: Ball 2-0: Ball 3-0: SINGLE (Groundball, 34D, EV 107.5 MPH) Alberto Ramirez scores Chris Pounds to second
|
|
Batting: RHB Moritake Fukumoto
|
0-0: Called Strike 0-1: Called Strike 0-2: Strikes out swinging
|
|
Batting: RHB Kyle Reilly
|
0-0: Called Strike 0-1: SINGLE (Line Drive, 7S, EV 93.8 MPH) Chris Pounds to third Danny Hill to second Runner from 3rd tries for Home, SAFE, throw by LF to home
|
|
Batting: SHB Benjamin Brown
|
0-0: Called Strike 0-1: Fly out, F9 (Flyball, 9, EV 79.4 MPH)
|
| Bottom of the 4th over - 3 runs, 3 hits, 0 errors, 2 left on base; Gwinnett 2 - Lehigh Valley 6 |
| TOP OF THE 5TH |
|
Gwinnett Braves batting - Pitching for Lehigh Valley IronPigs : RHP Brian Thomas
|
|
Batting: RHB Neal Tinoco
|
0-0: Called Strike 0-1: Ball 1-1: Ball 2-1: Ground out U3 (Groundball, 34S, EV 67.5 MPH)
|
|
Batting: RHB Chris Sharpe
|
0-0: Foul Ball, location: 2F 0-1: Ball 1-1: Ball 2-1: Called Strike 2-2: SINGLE (Line Drive, 6D, EV 97.5 MPH)
|
|
Batting: RHB Luis Revilla
|
0-0: Ball 1-0: Foul Ball, location: 2F 1-1: Ball 2-1: Foul Ball, location: 2F 2-2: Strikes out swinging
|
|
Batting: RHB Jake Lang
|
0-0: Swinging Strike 0-1: Swinging Strike 0-2: Strikes out swinging
|
| Top of the 5th over - 0 runs, 1 hit, 0 errors, 1 left on base; Gwinnett 2 - Lehigh Valley 6 |
| BOTTOM OF THE 5TH |
|
Lehigh Valley IronPigs batting - Pitching for Gwinnett Braves : RHP Chris Thompson
|
|
Batting: RHB Luis Arce
|
0-0: Ball 1-0: Ball 2-0: Foul Ball, location: 2F 2-1: Ball 3-1: SINGLE (Groundball, 56, EV 105.0 MPH)
|
|
Batting: RHB Jake Cox
|
0-0: Ball 1-0: Foul Ball, location: 2F 1-1: Foul Ball, location: 2F 1-2: Foul Ball, location: 2F 1-2: Ball 2-2: Reached on error, E1 (Groundball, 13S, EV 66.9 MPH) Luis Arce to second
|
|
Batting: RHB Raul de la Cruz
|
0-0: Foul Ball, location: 2F 0-1: Ball 1-1: TRIPLE (Flyball, 78XD, EV 97.5 MPH) Luis Arce scores Jake Cox scores
|
|
Batting: RHB Alberto Ramirez
|
0-0: SINGLE (Flyball, 34D, EV 83.1 MPH) Raul de la Cruz scores
|
|
Pitching: RHP Scott Bentley
|
|
|
Batting: RHB Chris Pounds
|
0-0: Ball 1-0: Ball 2-0: Ball 3-0: Foul Ball, location: 2F 3-1: Base on Balls Alberto Ramirez to second
|
|
Batting: LHB Danny Hill
|
0-0: Ball 1-0: Ball 2-0: Foul Ball, location: 2F 2-1: Called Strike 2-2: Reached on error, E4 (Groundball, 4, EV 91.9 MPH) Alberto Ramirez to third Chris Pounds to second
|
|
Batting: RHB Moritake Fukumoto
|
0-0: Called Strike 0-1: Foul Ball, location: 2F 0-2: Ball 1-2: Foul Ball, location: 2F 1-2: Foul Ball, location: 2F 1-2: Foul Ball, location: 2F 1-2: Ball 2-2: Ball 3-2: Foul Ball, location: 2F 3-2: Base on Balls Alberto Ramirez scores Chris Pounds to third Danny Hill to second
|
|
Batting: RHB Kyle Reilly
|
0-0: Called Strike 0-1: Ball 1-1: Ball 2-1: Reached on error, E6 (Groundball, 6, EV 97.5 MPH) Chris Pounds scores Danny Hill to third Moritake Fukumoto to second
|
|
Batting: SHB Benjamin Brown
|
0-0: Called Strike 0-1: Foul Ball, location: 2F 0-2: Grounds into double play, 4-6-3 (Groundball, 4S, EV 85.0 MPH) Danny Hill scores Moritake Fukumoto to third
|
|
Batting: RHB Luis Arce
|
0-0: Called Strike 0-1: Called Strike 0-2: SINGLE (Groundball, 56D, EV 96.9 MPH) Moritake Fukumoto scores
|
|
Batting: RHB Jake Cox
|
0-0: Called Strike 0-1: Ball 1-1: Ball 2-1: Ball 3-1: Foul Ball, location: 2F 3-2: SINGLE (Flyball, 3D, EV 90.0 MPH) Luis Arce to second Luis Arce to third
|
|
Batting: RHB Raul de la Cruz
|
0-0: Called Strike 0-1: Fly out, F9 (Flyball, 9D, EV 93.1 MPH)
|
| Bottom of the 5th over - 7 runs, 5 hits, 3 errors, 2 left on base; Gwinnett 2 - Lehigh Valley 13 |
| TOP OF THE 6TH |
|
Gwinnett Braves batting - Pitching for Lehigh Valley IronPigs : RHP Brian Thomas
|
|
Batting: RHB Corey Dalton
|
0-0: Called Strike 0-1: Ball 1-1: Ball 2-1: Ball 3-1: Called Strike 3-2: Strikes out swinging
|
|
Batting: LHB Mark Buchholz
|
0-0: Swinging Strike 0-1: Called Strike 0-2: Ball 1-2: Foul Ball, location: 2F 1-2: Strikes out swinging
|
|
Batting: RHB Jesse Lester
|
0-0: Swinging Strike 0-1: Ball 1-1: SINGLE (Flyball, 89S, EV 97.5 MPH)
|
|
Pitching: RHP David LaBounty
|
|
|
Batting: RHB Johnny Burroughs
|
0-0: Ball 1-0: Foul Ball, location: 2F 1-1: Called Strike 1-2: Strikes out swinging
|
| Top of the 6th over - 0 runs, 1 hit, 0 errors, 1 left on base; Gwinnett 2 - Lehigh Valley 13 |
| BOTTOM OF THE 6TH |
|
Lehigh Valley IronPigs batting - Pitching for Gwinnett Braves : RHP Scott Bentley
|
|
Batting: RHB Alberto Ramirez
|
0-0: Ball 1-0: Ball 2-0: Ball 3-0: Called Strike 3-1: Base on Balls
|
|
Pitching: RHP Ernesto Gonzalez
|
|
|
Batting: RHB Chris Pounds
|
0-0: Swinging Strike 0-1: Swinging Strike 0-2: Ball 1-2: Strikes out looking
|
|
Batting: LHB Danny Hill
|
0-0: SINGLE (Groundball, 4MD, EV 95.0 MPH) Alberto Ramirez to second
|
|
Batting: RHB Moritake Fukumoto
|
0-0: Called Strike 0-1: Foul Ball, location: 2F 0-2: Strikes out swinging
|
|
Batting: RHB Kyle Reilly
|
0-0: Ball 1-0: Called Strike 1-1: Ball 2-1: Ball 3-1: Foul Ball, location: 2F 3-2: Base on Balls Alberto Ramirez to third Danny Hill to second
|
|
Batting: SHB Benjamin Brown
|
0-0: SINGLE (Groundball, 4MD, EV 106.9 MPH) Alberto Ramirez scores Danny Hill to third Kyle Reilly to second Runner from 3rd tries for Home, SAFE, throw by CF to home
|
|
Batting: RHB Luis Arce
|
0-0: Ball 1-0: Ball 2-0: Fly out, F8 (Flyball, 8LM, EV 99.4 MPH)
|
| Bottom of the 6th over - 2 runs, 2 hits, 0 errors, 2 left on base; Gwinnett 2 - Lehigh Valley 15 |
| TOP OF THE 7TH |
|
Gwinnett Braves batting - Pitching for Lehigh Valley IronPigs : RHP David LaBounty
|
|
Batting: SHB Tim Rodgers
|
0-0: Called Strike 0-1: Called Strike 0-2: Ball 1-2: Fly out, F9 (Flyball, 9S, EV 87.5 MPH)
|
|
Batting: RHB Neal Tinoco
|
0-0: Ball 1-0: Fly out, F9 (Flyball, 89M, EV 93.1 MPH)
|
|
Batting: RHB Chris Sharpe
|
0-0: Called Strike 0-1: Ball 1-1: Called Strike 1-2: Ball 2-2: Strikes out swinging
|
| Top of the 7th over - 0 runs, 0 hits, 0 errors, 0 left on base; Gwinnett 2 - Lehigh Valley 15 |
| BOTTOM OF THE 7TH |
|
Lehigh Valley IronPigs batting - Pitching for Gwinnett Braves : RHP Ernesto Gonzalez
|
|
Batting: RHB Jake Cox
|
0-0: Ball 1-0: Fly out, F6 (Popup, 6, EV 79.4 MPH)
|
|
Batting: RHB Raul de la Cruz
|
0-0: Ball 1-0: Ball 2-0: Called Strike 2-1: Ball 3-1: Base on Balls
|
|
Batting: RHB Alberto Ramirez
|
0-0: SINGLE (Groundball, 6MD, EV 94.4 MPH) Raul de la Cruz to second
|
|
Batting: RHB Chris Pounds
|
0-0: SINGLE (Groundball, 34D, EV 95.0 MPH) Raul de la Cruz to third Alberto Ramirez to second Runner from 3rd tries for Home, SAFE, throw by RF to home
|
|
Batting: LHB Danny Hill
|
0-0: Foul Ball, location: 2F 0-1: Ball 1-1: Foul Ball, location: 2F 1-2: Ball 2-2: Ball 3-2: Base on Balls Alberto Ramirez to third Chris Pounds to second
|
|
Batting: RHB Moritake Fukumoto
|
0-0: Ball 1-0: Grounds into double play, 4-6-3 (Groundball, 4, EV 85.6 MPH)
|
| Bottom of the 7th over - 1 run, 2 hits, 0 errors, 2 left on base; Gwinnett 2 - Lehigh Valley 16 |
| TOP OF THE 8TH |
|
Gwinnett Braves batting - Pitching for Lehigh Valley IronPigs : RHP David LaBounty
|
|
Batting: RHB Luis Revilla
|
0-0: Ball 1-0: Foul Ball, location: 2F 1-1: Swinging Strike 1-2: Strikes out looking
|
|
Batting: RHB Jake Lang
|
0-0: Called Strike 0-1: Ball 1-1: Fly out, F7 (Line Drive, 7S, EV 97.5 MPH)
|
|
Batting: RHB Corey Dalton
|
0-0: Called Strike 0-1: Called Strike 0-2: Ball 1-2: Ball 2-2: Strikes out swinging
|
| Top of the 8th over - 0 runs, 0 hits, 0 errors, 0 left on base; Gwinnett 2 - Lehigh Valley 16 |
| BOTTOM OF THE 8TH |
|
Lehigh Valley IronPigs batting - Pitching for Gwinnett Braves : RHP Ernesto Gonzalez
|
|
Batting: RHB Kyle Reilly
|
0-0: Called Strike 0-1: Swinging Strike 0-2: Ball 1-2: Fly out, F8 (Flyball, 78D, EV 93.1 MPH)
|
|
Batting: SHB Benjamin Brown
|
0-0: Swinging Strike 0-1: SINGLE (Groundball, 4M, EV 101.2 MPH)
|
|
Pitching: RHP Pat St. John
|
|
|
Batting: RHB Luis Arce
|
0-0: Ball 1-0: Ball 2-0: Swinging Strike 2-1: Ball 3-1: Fly out, F8 (Flyball, 78XD, EV 101.2 MPH)
|
|
Batting: RHB Jake Cox
|
0-0: SINGLE (Groundball, 56D, EV 106.2 MPH) Benjamin Brown to second
|
|
Batting: RHB Raul de la Cruz
|
0-0: Ball 1-0: Called Strike 1-1: Ball 2-1: Ball 3-1: Foul Ball, location: 2F 3-2: Foul Ball, location: 2F 3-2: Foul Ball, location: 2F 3-2: SINGLE (Line Drive, 7S, EV 107.5 MPH) Benjamin Brown to third Jake Cox to second Benjamin Brown scores Jake Cox to third
|
|
Batting: RHB Alberto Ramirez
|
0-0: Ball 1-0: Ball 2-0: Called Strike 2-1: Ball 3-1: Called Strike 3-2: Fly out, F4 (Popup, 4M, EV 75.6 MPH)
|
| Bottom of the 8th over - 1 run, 3 hits, 0 errors, 2 left on base; Gwinnett 2 - Lehigh Valley 17 |
| TOP OF THE 9TH |
|
Gwinnett Braves batting - Pitching for Lehigh Valley IronPigs : RHP David LaBounty
|
|
Batting: LHB Mark Buchholz
|
0-0: Ball 1-0: Ball 2-0: Called Strike 2-1: Foul Ball, location: 2F 2-2: Foul Ball, location: 2F 2-2: Foul Ball, location: 2F 2-2: Strikes out swinging
|
|
Batting: RHB Jesse Lester
|
0-0: Swinging Strike 0-1: Ball 1-1: Ball 2-1: Foul Ball, location: 2F 2-2: Ball 3-2: Base on Balls
|
|
Batting: RHB Johnny Burroughs
|
0-0: Ball 1-0: Ball 2-0: Ball 3-0: Base on Balls Jesse Lester to second
|
|
Pitching: LHP Isaias Felix
|
|
|
Batting: SHB Tim Rodgers
|
0-0: Called Strike 0-1: Foul Ball, location: 2F 0-2: DOUBLE (Line Drive, 7LM, EV 103.1 MPH) Jesse Lester scores Johnny Burroughs to third
|
|
Batting: RHB Neal Tinoco
|
0-0: Called Strike 0-1: Foul Ball, location: 2F 0-2: Ball 1-2: Ball 2-2: Foul Ball, location: 2F 2-2: SINGLE (Groundball, 56S, EV 61.2 MPH) (infield hit) Johnny Burroughs scores Tim Rodgers to third
|
|
Batting: RHB Chris Sharpe
|
0-0: Called Strike 0-1: Called Strike 0-2: Foul Ball, location: 2F 0-2: Ball 1-2: Foul Ball, location: 2F 1-2: Ball 2-2: Ball 3-2: SINGLE (Groundball, 6, EV 96.2 MPH) Tim Rodgers scores Neal Tinoco to second
|
|
Batting: RHB Luis Revilla
|
0-0: Foul Ball, location: 2F 0-1: Called Strike 0-2: Ball 1-2: Ball 2-2: Foul Ball, location: 2F 2-2: Strikes out swinging
|
|
Batting: RHB Jake Lang
|
0-0: Ball 1-0: Ball 2-0: Ground out 6-3 (Groundball, P, EV 82.5 MPH)
|
| Top of the 9th over - 3 runs, 3 hits, 0 errors, 2 left on base; Gwinnett 5 - Lehigh Valley 17 |
|